 Dungeon Crawl Stone Soup version 0.29.1-15-g9cfb28693d (webtiles) character file.

Game seed: 1827312297069789841

35 leafyfresh the Sneak (level 3, -4/26 HPs)
             Began as an Octopode Delver on Apr 18, 2023.
             Slain by an orc
             ... wielding a +0 hand axe
              (5 damage)
             ... on level 5 of the Dungeon.
             The game lasted 00:00:52 (157 turns).

leafyfresh the Sneak (Octopode Delver)               Turns: 157, Time: 00:00:53

Health: -4/26      AC:  1    Str: 11    XL:     3   Next: 35%
Magic:  3/3        EV: 13    Int: 14    God:
Gold:   0          SH:  0    Dex: 13    Spells: 2/2 levels left

rFire   . . .      SeeInvis .   a - +0 short sword
rCold   . . .      Faith    .   (no shield)
rNeg    . . .      Spirit   .   (helmet restricted)
rPois   .          Reflect  .   (no amulet)
rElec   .          Harm     .   (no ring)
rCorr   .          Rampage  .   (no ring)
Will    .....                   (no ring)
Stlth   ++++......              (no ring)
HPRegen 0.08/turn               (no ring)
MPRegen 0.08/turn               (no ring)
                                (no ring)
                                (no ring)

@: no status effects
A: almost no armour, amphibious, 8 rings, camouflage 1, gelatinous body 1,
(nimble swimmer 1), tentacles
a: no special abilities


You were on level 5 of the Dungeon.
You visited 1 branch of the dungeon, and saw 1 of its levels.

Inventory:

Hand Weapons
 a - a +0 short sword (weapon)
Armour
 c - an orb of energy
Wands
 f - a wand of digging (2)
Scrolls
 b - a scroll of fog
 d - a scroll of fear
Potions
 e - a potion of haste


   Skills:
 + Level 3.4 Fighting
 - Level 2.0 Short Blades
 + Level 2.6 Dodging
 + Level 7.1 Stealth


You had 2 spell levels left.
You didn't know any spells.
Your spell library was empty.

Dungeon Overview and Level Annotations

Branches:
Dungeon (5/15)
 Temple: D:4-7

Altars:


Innate Abilities, Weirdness & Mutations

You cannot wear most types of armour.
You are amphibious.
You can wear up to eight rings at the same time.
Your skin changes colour to match your surroundings (Stealth+).
Your rubbery body absorbs attacks. (AC +1, EV +1)
((You are camouflaged when in or above water. (Stealth+)))
You have tentacles for arms and can constrict up to eight enemies at once.


Message History

An adder comes into view.
A rat and an orc come into view.
A rat comes into view.
The orc shouts!
You hear an angry hiss.
The adder hisses angrily.
The adder bites you.
You are poisoned.
The adder poisons you! The adder completely misses you.
You closely miss the adder. You grab the adder. You constrict the adder.
You feel sick. The adder bites you.
You hit the adder.
The adder is severely wounded.
You hear the slow rusting of a drain.
You constrict the adder.
You feel sick. The adder bites you. The orc hits you with a +0 hand axe.
You hit the adder but do no damage.
The adder is severely wounded.
You constrict the adder.
You feel sick. The adder closely misses you.
The rat bites you but does no damage. The adder bites you.
The orc hits you with a +0 hand axe.
You hit the adder.
You kill the adder!
You feel sick. The orc hits you with a +0 hand axe.
* * * LOW HITPOINT WARNING * * *
A centaur comes into view.
Unknown command.
You barely miss the rat.
The centaur shouts!
Your grab misses the rat. Your squeeze misses the rat.
You feel sick.
You are no longer poisoned.
The rat bites you but does no damage. The orc closely misses you.
A rat comes into view.
You hit the rat.
You kill the rat!
The orc hits you with a +0 hand axe.
* * * LOW HITPOINT WARNING * * *
The rat misses you.
The centaur wields a +0 shortbow.
The centaur shoots an arrow.
The arrow barely misses you. The orc hits you with a +0 hand axe.
You die...

*,,*,*,**,,,,,,,,,,,***+*,,**,#..
*,,*,*,**,#.,,*,#....##.#*,,,,*#.
*,,*,*,**,#..,,,.....##...#*,#..#
*,,*,*,,,,#..,,,,.....#...#,*#,,#
*,,*,*<,,,#...,,,...*...#.#*****#
*,,*,****##.#.####.#*#..#.#
*,,*,,,,,....c.....# *....#
,********..........####...#
,+,,,,,,,.....~o@.........#
,********.~r~~~r~..#####..#######
** *~~#~#~#####.............
*~~~~~~~~~*#.###..######!
*#*###***~*#,#....#......
*∩*~~~~~~##.#.##....###.
*~*~*~***#............#.
*~*~*~~~~##.######.#....
*~*~*~**~*#.,,,,,......>


You could see a centaur, an orc and 2 rats.

Vanquished Creatures
  An iguana (D:5)
  An adder (D:5)
  A rat (D:5)
3 creatures vanquished.

Notes
Turn   | Place    | Note
-------+----------+-------------------------------------------
     0 | D:5      | leafyfresh the Octopode Delver began the quest for the Orb.
     0 | D:5      | Reached XP level 1. HP: 16/16 MP: 1/1
    24 | D:5      | Noticed an iguana
    32 | D:5      | Killed an iguana
    33 | D:5      | Reached skill level 7 in Stealth
    33 | D:5      | Reached XP level 2. HP: 15/21 MP: 2/2
    33 | D:5      | Reached XP level 3. HP: 18/26 MP: 3/3
   105 | D:5      | Noticed an ice beast
   131 | D:5      | Noticed a phantom
   154 | D:5      | Noticed a centaur
   156 | D:5      | HP: 1/26 [orc/+0 hand axe (1)]
   157 | D:5      | Slain by an orc

Illustrated notes

Levels and vault maps discovered:
D:5:      layout_basic, lightli_sewer_entry_pipes, st_stairs_2,
          nicolae_eternal_life

Skill      XL: |  1 |
---------------+----+-----
Stealth        | 7 |  7.1
Fighting       | |  3.4
Short Blades   | |  2.0
Dodging        | |  2.6

Action                   || total
-------------------------++-------
Melee: Short sword       ||     8
       Constrict         ||     2
       Tentacles         ||     1
Evoke: Wand              ||     1
  Use: Scroll            ||     1
 Stab: Sleeping          ||     1
Armor: Skin              ||     2
Dodge: Dodged            ||     5
